 Dungeon Crawl Stone Soup version 0.21-a0-88-g13b9641 (webtiles) character file.

2097 nikopol the Thaumaturge (level 9, 0/45 HPs)
             Began as a Deep Elf Fire Elementalist on June 25, 2017.
             Was a Believer of Vehumet.
             Slain by a killer bee (4 damage)
             ... on level 6 of the Dungeon on June 26, 2017.
             The game lasted 00:27:43 (6077 turns).

nikopol the Thaumaturge (DEFE)                      Turns: 6077, Time: 00:27:44

Health: 0/45       AC:  8    Str:  8    XL:     9   Next: 7%
Magic:  14/24      EV: 13    Int: 24    God:    Vehumet [**....]
Gold:   234        SH:  0    Dex: 15    Spells: 16/27 levels left

rFire    . . .     SeeInvis +   q - +0 dagger (flame)
rCold    . . .     Gourm    .   (no shield)
rNeg     . . .     Faith    .   a - +0 robe
rPois    .         Spirit   .   s - +0 helmet
rElec    .         Reflect  .   y - +3 cloak of the Old World {Str+3 SInv}
rCorr    .         Harm     .   p - +0 pair of gloves
MR       +....                  (no boots)
Stlth    +++.......             (no amulet)
HPRegen  0.15/turn              o - ring of protection from magic
MPRegen  0.19/turn              (no ring)

@: lethally poisoned (0 -> -15)
A: no striking features
a: Renounce Religion


You were on level 6 of the Dungeon.
You worshipped Vehumet.
Vehumet was pleased with you.
You were not hungry.

You visited 1 branch of the dungeon, and saw 6 of its levels.
You also visited: Sewer.

You collected 234 gold pieces.

Inventory:

Hand Weapons
 q - a +0 dagger of flaming (weapon)
Armour
 a - a +0 robe (worn)
 p - a +0 pair of gloves (worn)
 s - a +0 helmet (worn)
 y - the +3 cloak of the Old World (worn) {Str+3 SInv}
   (You found it on level 5 of the Dungeon)

   It affects your strength (+3).
   It lets you see invisible.
Jewellery
 o - a ring of protection from magic (left hand)
Wands
 n - a wand of iceblast (3/15)
 v - a wand of iceblast (2/15)
 B - a wand of lightning (6/15)
 G - a wand of lightning (2/15)
Scrolls
 e - a scroll of fear {unknown}
 g - 4 scrolls of teleportation
 k - 3 scrolls of fog {unknown}
 x - 4 scrolls of recharging {unknown}
 A - 2 scrolls of remove curse {unknown}
 E - a scroll of random uselessness {unknown}
 F - a scroll of enchant armour {unknown}
Potions
 d - a potion of resistance {unknown}
 f - 4 potions of curing
 h - 5 potions of heal wounds {unknown}
 i - 2 potions of berserk rage {unknown}
 m - 3 potions of mutation {unknown}
 r - a potion of ambrosia {unknown}
 t - a potion of flight {unknown}
 u - a potion of brilliance {unknown}
 w - 3 potions of lignification {unknown}
 C - a potion of haste {unknown}
 D - a potion of magic {unknown}
Books
 b - a book of Flames

   Spells                             Type                      Level
   a - Flame Tongue                   Conjuration/Fire             1
   b - Throw Flame                    Conjuration/Fire             2
   c - Conjure Flame                  Conjuration/Fire             3
   d - Inner Flame                    Hexes/Fire                   3
   e - Sticky Flame                   Conjuration/Fire             4
   f - Fireball                       Conjuration/Fire             5
 z - a book of Changes

   Spells                             Type                      Level
   a - Beastly Appendage              Transmutation                1
   b - Sticks to Snakes               Transmutation                2
   c - Spider Form                    Transmutation/Poison         3
   d - Ice Form                       Ice/Transmutation            4
   e - Blade Hands                    Transmutation                5
Comestibles
 c - 2 bread rations
 j - 4 fruits
 l - 2 meat rations


   Skills:
 + Level 0.2 Fighting
 + Level 2.8 Dodging
 + Level 4.0 Stealth
 + Level 9.9 Spellcasting
 + Level 6.8 Conjurations
 + Level 7.6 Fire Magic
 + Level 1.3 Evocations


You had 16 spell levels left.
You knew the following spells:

 Your Spells              Type           Power        Failure   Level  Hunger
a - Flame Tongue          Conj/Fire      #####        1%          1    None
b - Throw Flame           Conj/Fire      #####.       1%          2    None
c - Conjure Flame         Conj/Fire      #####...     1%          3    None
d - Fireball              Conj/Fire      #####.....   8%          5    ####...


Dungeon Overview and Level Annotations

Branches:
Dungeon (6/15)             Temple (0/1) D:4

Altars:
Dithmenos
Okawaru
Vehumet
Xom


Message History

Confirm with . or Enter, or press ? or * to list all spells.
Aiming: Flame Tongue
Press: ? - help, Shift-Dir - straight line, f - killer bee
Aim: a killer bee (severely wounded)
The flame tongue misses the killer bee.
The flame tongue hits the worm.
You kill the worm!
Vehumet accepts your kill.
You feel your power returning.
* * * LOW HITPOINT WARNING * * *
You feel sick.
The killer bee stings you but does no damage. x2
Casting: Flame Tongue
Confirm with . or Enter, or press ? or * to list all spells.
Aiming: Flame Tongue
Press: ? - help, Shift-Dir - straight line, f/p - killer bee
Aim: a killer bee (severely wounded)
The flame tongue misses the killer bee.
* * * LOW HITPOINT WARNING * * *
You feel sick. The killer bee stings you.
You die...

##..#.,,,,*,*###..,,,,,,,.....#,,
.......,,,,,,,....,,,,,,*.....#*,
.......,,,,***##.##******#.#y.###
####...,,,.####...## #.#.....
**,,..,,,.........## #.#.#***
**,***,,,*****#.....######.#.#
*,** **,** ##.##..........#***
,** **,* #y#########.##.... ,*
*,* #@### #.#*.##. ,** **,* #...#
#.#*.#** *,## **,** ###.# #..,.#
* ##.###.#* #.# ###*.# * ......#*
#.# *.# * .#.###############.#
*,* *
.#.#............##.##########.# *
...#.##########.##..........#.# *
≈#...##.## ##.###########.#.#*#


You could see a killer bee.

Vanquished Creatures
  Pikel (D:6)
  Grinder (D:6)
  Sigmund (D:2)
  Eustachio (D:4)
  Purgy (Sewer)
  An ice beast (D:5)
  3 slaves (D:6)
  2 ogres (D:5)
  A centaur (D:5)
  A bullfrog (D:6)
  A scorpion (D:6)
  2 killer bees (D:6)
  2 crimson imps
  A jelly (D:5)
  An orc priest (D:3)
  2 orc wizards
  Ijyb (D:5)
  5 worker ants
  A hound skeleton (D:5)
  Robin (D:1)
  6 adders
  A shadow imp (D:3)
  An adder skeleton (D:3)
  5 worms
  A dart slug (D:4)
  2 leopard geckos
  13 orcs
  4 giant cockroaches
  14 goblins
  11 hobgoblins
  6 jackals
  A quokka (D:3)
  A ball python (D:3)
  A ball python zombie (D:5)
  9 bats
  6 frilled lizards
  10 kobolds
  2 rats (D:2)
124 creatures vanquished.

Notes
Turn   | Place    | Note
-------+----------+-------------------------------------------
     0 | D:1      | nikopol the Deep Elf Fire Elementalist began the quest for the Orb.
     0 | D:1      | Reached XP level 1. HP: 10/10 MP: 6/6
   235 | D:1      | Reached XP level 2. HP: 15/15 MP: 5/8
   463 | D:1      | Learned a level 2 spell: Throw Flame
   621 | D:2      | Found an iron altar of Okawaru.
   627 | D:2      | Found a radiant altar of Vehumet.
   639 | D:2      | Became a worshipper of Vehumet
   900 | D:2      | Upgraded the game from 0.21-a0-85-ga0cb861 to 0.21-a0-88-g13b9641
   912 | D:2      | Reached XP level 3. HP: 19/19 MP: 5/10
  1031 | D:2      | Noticed Sigmund
  1047 | D:2      | Learned a level 3 spell: Conjure Flame
  1262 | D:2      | Noticed Robin
  1349 | D:1      | Killed Robin
  1349 | D:1      | Reached skill level 4 in Spellcasting
  1940 | D:2      | Killed Sigmund
  1940 | D:2      | Reached skill level 5 in Spellcasting
  1940 | D:2      | Reached XP level 4. HP: 24/24 MP: 2/13
  1940 | D:2      | Reached XP level 5. HP: 28/28 MP: 2/14
  2271 | D:3      | Reached * piety under Vehumet
  2271 | D:3      | Offered knowledge of Sandblast by Vehumet.
  2274 | D:3      | Found a shadowy altar of Dithmenos.
  2419 | D:3      | Reached XP level 6. HP: 20/32 MP: 8/16
  2804 | D:3      | Learned a level 5 spell: Fireball
  3148 | D:4      | Noticed Eustachio
  3264 | D:4      | Found an iron altar of Okawaru.
  3280 | D:4      | Reached skill level 5 in Fire Magic
  3288 | D:4      | Found a staircase to the Ecumenical Temple.
  3291 | D:4      | Offered knowledge of Sting by Vehumet.
  3295 | D:4      | Reached ** piety under Vehumet
  3374 | D:4      | Reached skill level 6 in Spellcasting
  3590 | D:4      | Killed Eustachio
  3590 | D:4      | Reached XP level 7. HP: 36/36 MP: 0/18
  3971 | D:5      | Entered Level 5 of the Dungeon
  4052 | D:5      | Reached skill level 7 in Spellcasting
  4334 | D:5      | Reached skill level 5 in Conjurations
  4543 | D:5      | Noticed Ijyb
  4613 | D:5      | Killed Ijyb
  4802 | D:5      | Found a shimmering altar of Xom.
  4915 | D:5      | Reached XP level 8. HP: 41/41 MP: 13/21
  4972 | D:5      | Got a bloodstained cloak
  4978 | D:5      | Identified the +3 cloak of the Old World {Str+3 SInv} (You found it on level 5 of the Dungeon)
  5330 | D:6      | Reached skill level 8 in Spellcasting
  5334 | D:6      | Found a glowing drain.
  5341 | D:6      | Noticed Pikel
  5345 | Sewer    | Entered a sewer
  5368 | Sewer    | Noticed Purgy
  5377 | Sewer    | Killed Purgy
  5377 | Sewer    | Offered knowledge of Static Discharge by Vehumet.
  5795 | D:6      | Killed Pikel
  5795 | D:6      | Reached skill level 9 in Spellcasting
  5795 | D:6      | Reached skill level 1 in Evocations
  5944 | D:6      | Noticed Grinder
  5950 | D:6      | Paralysed by Grinder for 5 turns
  5957 | D:6      | Killed Grinder
  5957 | D:6      | Reached XP level 9. HP: 45/45 MP: 15/24
  6077 | D:6      | Slain by a killer bee

Vault maps used:
D:1:      minmay_arrival_pointy
D:2:      grunt_temple_overflow_open, uniq_robin, uniq_sigmund
D:3:      nicolae_dithmenos_through_a_glass_darkly, first_bread, minmay_unequal
D:4:      minmay_temple_entry_overgrown, okawaru_metal_pillars_1_2,
          uniq_eustachio
D:5:      tgw_xom, uniq_ijyb
D:6:      cheibrodos_sewer_entry_drain, uniq_grinder, uniq_pikel
Sewer:    kennysheep_door_sewer

Skill      XL: |  1  2  3  4  5  6  7  8 |
---------------+-------------------------+-----
Spellcasting   | 5 6 7 9 |  9.9
Conjurations   | 3 4 5 6 |  6.8
Fire Magic     | 4 5 6 7 |  7.6
Stealth        | 3 4 |  4.0
Evocations     | 1 |  1.3
Fighting       | |  0.2
Dodging        | |  2.8

Action                   |  1- 3 |  4- 6 |  7- 9 || total
-------------------------+-------+-------+-------++-------
Melee: Dagger            |     4 |       |       ||     4
 Cast: Flame Tongue      |    73 |    96 |   126 ||   295
       Conjure Flame     |     1 |     2 |     8 ||    11
       Throw Flame       |       |     3 |    16 ||    19
       Fireball          |       |       |     2 ||     2
Evoke: Wand              |       |       |     3 ||     3
  Use: Scroll            |       |     1 |     4 ||     5
  Eat: Chunk             |     2 |     6 |     8 ||    16
Armor: Robe              |     5 |     4 |    13 ||    22
Dodge: Dodged            |    21 |     7 |    33 ||    61
